 Dungeon Crawl Stone Soup version 0.27-a0-1196-g3e9cee4cb2 (webtiles) character file.

Game seed: 5699253881625455848

48 EldarEldrad the Shield-Bearer (level 3, 0/31 HPs)
             Began as a Hill Orc Fighter on May 27, 2021.
             Slain by Sigmund
             ... wielding a +0 scythe
              (4 damage)
             ... on level 2 of the Dungeon.
             The game lasted 00:06:54 (1721 turns).

EldarEldrad the Shield-Bearer (Hill Orc Fighter)    Turns: 1721, Time: 00:06:54

Health: 0/31       AC:  7    Str: 19    XL:     3   Next: 72%
Magic:  3/3        EV:  7    Int:  8    God:
Gold:   76         SH:  0    Dex: 10    Spells: 2/2 levels left

rFire    . . .     SeeInvis .   a - +0 war axe
rCold    . . .     Faith    .   c - +0 kite shield
rNeg     . . .     Spirit   .   b - +0 scale mail
rPois    .         Reflect  .   (no helmet)
rElec    .         Harm     .   (no cloak)
rCorr    .         Rampage  .   (no gloves)
Will     .....                  (no boots)
Stlth    ..........             (no amulet)
HPRegen  0.10/turn              (no ring)
MPRegen  0.08/turn              (no ring)

@: confused, mighty
A: no striking features
a: no special abilities


You were on level 2 of the Dungeon.
You visited 1 branch of the dungeon, and saw 2 of its levels.

You collected 76 gold pieces.

Inventory:

Hand Weapons
 a - a +0 war axe (weapon)
 g - a +0 flail
Armour
 b - a +0 scale mail (worn)
 c - a +0 kite shield (worn)
 j - a +0 plate armour
Scrolls
 f - a scroll of enchant weapon {unknown}
 h - a scroll of identify {unknown}
 k - 2 scrolls of noise {unknown}
Potions
 e - 2 potions of curing {unknown}
 i - a potion of heal wounds {unknown}


   Skills:
 - Level 3.6 Fighting
 + Level 3.7 Axes
 + Level 3.9 Armour
 + Level 4.0 Shields


You had 2 spell levels left.
You didn't know any spells.
Your spell library was empty.

Dungeon Overview and Level Annotations

Branches:
Dungeon (2/15)

Altars:

Annotations:
D:2 Sigmund


Message History

The ball python hisses angrily.
You slash the ball python!
You kill the ball python!
You see here a ball python corpse.
A quokka comes into view.
You closely miss the quokka. The quokka bites you.
The quokka bites you but does no damage.
You closely miss the quokka. The quokka bites you.
You block the quokka's attack.
You slash the quokka!
You kill the quokka!
You see here a quokka corpse.
A rat comes into view.
You slash the rat!
You kill the rat!
Sigmund the Dreaded comes into view.
He is wielding a +0 scythe.
Sigmund points at you and mumbles some strange words.
The magic dart hits you.
Press: ? - help, . - travel You can't see that place. [the floor.] Sigmund points at himself and mumbles some strange words.
Sigmund flickers and vanishes!
Deactivating autopickup; reactivate with Ctrl-A.
You hit something. Something hits you.
You closely miss something. Something hits you. x2
Your shield and scale mail prevent you from hitting something.
Something hits you but does no damage. Something hits you.
Okay, then.
You feel very mighty all of a sudden. Something hits you!
* * * LOW HITPOINT WARNING * * *
You miss something. Something hits you but does no damage.
You miss something. Something hits you but does no damage.
You hear some strange, mumbled words.
You are confused.
You closely miss something. Something hits you.
* * * LOW HITPOINT WARNING * * *
You bump into the rock wall.
Something hits you.
You die...

#...(.........#######.
#.#####.......# #... #†#
#.####### #..# #.# #........
#@.# #.# ######### #..# #.#
#..# #.# #.###..# #.# #####
#......# #.# ##..@## #.#
#.#######.###{######.####+##
#.....†....{................
#########.###.######.#####..
##...## #†# ##### #.# #.#
#.. ###


There were no monsters in sight!

Vanquished Creatures
  An adder (D:2)
  A gnoll (D:1)
  A dart slug (D:1)
  2 giant cockroaches (D:1)
  3 hobgoblins (D:1)
  3 jackals (D:1)
  2 quokkas
  3 ball pythons
  7 bats
  5 rats
28 creatures vanquished.

Notes
Turn   | Place    | Note
-------+----------+-------------------------------------------
     0 | D:1      | EldarEldrad the Hill Orc Fighter began the quest for the
                  | Orb.
     0 | D:1      | Reached XP level 1. HP: 19/19 MP: 1/1
   200 | D:1      | Found a faded altar of an unknown god.
   250 | D:1      | Reached XP level 2. HP: 26/26 MP: 2/2
   710 | D:1      | Reached XP level 3. HP: 31/31 MP: 3/3
  1510 | D:2      | Reached skill level 4 in Shields
  1677 | D:2      | Noticed Sigmund
  1721 | D:2      | Slain by Sigmund

Illustrated notes

Levels and vault maps discovered:
D:1:      scummos_arrival_hexagon, layout_basic, basic_ecumenical_altar,
          minmay_tiny_reverse_x
D:2:      layout_loops_ring, serial_shops, nicolae_shop_window_shopping,
          st_stairs_5, uniq_sigmund

Skill      XL: |  1  2  3 |
---------------+----------+-----
Axes           | 3 |  3.7
Shields        | 4 |  4.0
Fighting       | |  3.6
Armour         | |  3.9

Action                   || total
-------------------------++-------
Melee: War axe           ||    98
  Use: Potion            ||     1
Armor: Scale mail        ||    48
Dodge: Dodged            ||    26
Block: Kite shield       ||    54

Table legend: (Time is in decaauts)
 A = Elapsed time spent in this place.
 B = Non-inter-level travel time spent in this place.
 C = Inter-level travel time spent in this place.
 D = Time resting spent in this place.
 E = Time spent auto-exploring this place.
 F = Levels seen in this place.
 G = Mean time per level.
                   A        B        C        D        E       F      G
               +--------+--------+--------+--------+--------+-----+--------+
         Total |   1776 |   1762 |     14 |    192 |   1208 |   2 |  888.0 |
       Dungeon |   1776 |   1762 |     14 |    192 |   1208 |   2 |  888.0 |
               +--------+--------+--------+--------+--------+-----+--------+

Top non-repeatable levels by time:
     D:1: 1396 daAuts
     D:2: 379 daAuts
